 Dungeon Crawl Stone Soup version 0.18.1-50-g88ac8fd (webtiles) character file.

136 kurovuster the Charmwright (level 4, 0/31 HPs)
             Began as a High Elf Skald on Oct 24, 2016.
             Was a Follower of Dithmenos.
             Succumbed to an adder's poison
             ... on level 4 of the Dungeon.
             The game lasted 00:15:33 (2880 turns).

kurovuster the Charmwright (High Elf Skald)         Turns: 2880, Time: 00:15:33

Health: 0/31       AC:  3    Str: 11    XL:     4   Next: 98%
Magic:  7/9        EV: 12    Int: 17    God:    Dithmenos [*.....]
Gold:   118        SH:  0    Dex: 14    Spells: 2 memorised, 5 levels left

rFire  . . .     SeeInvis .     a - +1 short sword
rCold  . . .     Gourm    .     b - +0 leather armour
rNeg   . . .     Faith    .     (no shield)
rPois  .         Spirit   .     (no helmet)
rElec  .         Dismiss  .     (no cloak)
rCorr  .         Reflect  .     (no gloves)
SustAt .         Harm     .     (no boots)
MR     .....                    (no amulet)
Stlth  +.........               (no ring)
                                (no ring)

@: lethally poisoned (0 -> -7), hasted, wreathed by umbra, very quick, not
resistant to hostile enchantments, very unstealthy
A: no striking features
a: Renounce Religion


You were on level 4 of the Dungeon.
You worshipped Dithmenos.
Dithmenos was aware of your devotion.
You were not hungry.

You visited 1 branch of the dungeon, and saw 4 of its levels.

You collected 118 gold pieces.

Inventory:

Hand Weapons
 a - a +1 short sword (weapon)
 h - a +0 short sword
Missiles
 e - 55 stones (quivered)
Armour
 b - a +0 leather armour (worn)
 n - a +0 helmet
 o - a +0 plate armour
Potions
 f - 2 potions of curing {unknown}
 g - a potion of haste
 i - a potion of brilliance {unknown}
 k - 3 potions of mutation {unknown}
 l - a potion of heal wounds {unknown}
 p - 2 potions of ambrosia {unknown}
Books
 c - a book of Battle

   Spells                             Type                      Level
   a - Infusion                       Charms                       1
   b - Shroud of Golubria             Charms/Translocation         2
   c - Song of Slaying                Charms                       2
   d - Spectral Weapon                Hexes/Charms                 3
   e - Regeneration                   Charms/Necromancy            3
Comestibles
 d - 2 bread rations
 j - 2 beef jerkies
 m - a meat ration


   Skills:
 + Level 3.0 Fighting
 * Level 3.6 Short Blades
 + Level 2.1 Armour
 + Level 1.8 Dodging
 + Level 0.5 Stealth
 + Level 2.8 Spellcasting
 + Level 4.1 Charms


You had 5 spell levels left.
You knew the following spells:

 Your Spells              Type           Power        Failure   Level  Hunger
a - Infusion              Chrm           ###.         6%          1    #......
b - Song of Slaying       Chrm           ###.....     10%         2    ##.....


Dungeon Overview and Level Annotations

Branches:
Dungeon (4/15)
 Temple: D:4-7

Altars:
Dithmenos
Makhleb
Qazlal
Vehumet


Message History

The gnoll hits you with a flail!
* * * LOW HITPOINT WARNING * * *
You hit the gnoll.
The gnoll is heavily wounded.
The gnoll barely misses you.
You see here a leather armour.
The hobgoblin shouts!
There is a stone staircase leading down here.
You climb downwards.
An adder comes into view.
There is a stone staircase leading up here.
The helpless adder fails to defend itself.
You puncture the adder!
The adder is almost dead.
The adder bites you.
* * * LOW HITPOINT WARNING * * *
You are lethally poisoned!
The adder poisons you!
It was a potion of haste.
You feel yourself speed up.
You die...

#...
#.#.
#..###
#..#.
....
#..#
#..#
#@S#
#..#
.....
##.....#
#.##..#
..# ..#
### .#
.#


You could see an adder.

Vanquished Creatures
  A crimson imp (D:3)
  2 gnolls (D:3)
  3 adders
  An ooze (D:3)
  A dart slug (D:1)
  2 giant geckos (D:1)
  5 orcs (D:3)
  4 bats
  2 giant cockroaches
  A goblin (D:1)
  3 hobgoblins
  4 jackals (D:3)
  7 giant newts
  7 kobolds
  3 rats
46 creatures vanquished.

Notes
Turn   | Place    | Note
--------------------------------------------------------------
     0 | D:1      | kurovuster the High Elf Skald began the quest for the Orb.
     0 | D:1      | Reached XP level 1. HP: 14/14 MP: 4/4
   132 | D:1      | Reached XP level 2. HP: 15/19 MP: 6/6
   421 | D:1      | Learned a level 2 spell: Song of Slaying
   446 | D:1      | Reached skill level 1 in Armour
  1051 | D:2      | Reached XP level 3. HP: 24/25 MP: 4/8
  1270 | D:2      | Found a shadowy altar of Dithmenos.
  1278 | D:2      | Became a worshipper of Dithmenos the Shadowed
  1445 | D:2      | HP: 1/25 [poisoned by an adder]
  1976 | D:3      | Reached skill level 4 in Charms
  2205 | D:3      | Reached XP level 4. HP: 16/30 MP: 6/9
  2614 | D:3      | Found a radiant altar of Vehumet.
  2654 | D:3      | Found a burning altar of Makhleb.
  2771 | D:3      | Found a stormy altar of Qazlal.
  2777 | D:3      | Reached * piety under Dithmenos
  2879 | D:4      | HP: 1/31 [adder (4)]
  2880 | D:4      | Succumbed to an adder's poison

Skill      XL: |  1  2  3  4 |
---------------+-------------+-----
Armour         | 1 2 |  2.1
Short Blades   | 3 |  3.6
Charms         | 4 |  4.1
Fighting       | 3 |  3.0
Dodging        | |  1.8
Stealth        | |  0.5
Spellcasting   | |  2.8

Action                   |  1- 3 |  4- 6 || total
-------------------------+-------+-------++-------
Melee: Short sword       |   149 |    74 ||   223
Throw: Stone             |     3 |     2 ||     5
 Cast: Infusion          |     6 |     2 ||     8
  Use: Scroll            |     1 |     1 ||     2
       Potion            |       |     1 ||     1
 Stab: Sleeping          |     2 |     1 ||     3
  Eat: Bread ration      |     1 |     1 ||     2
Armor: Leather armour    |    43 |    11 ||    54
Dodge: Dodged            |    84 |    32 ||   116
